 Dungeon Crawl Stone Soup version 0.31-a0-229-g1fc7ce93e2 (webtiles) character file.

Game seed: 4742711725392520034

58 qw the Shooter (level 3, 0/30 HPs)
             Began as a Minotaur Hexslinger on July 6, 2023.
             Slain by an orc
             ... wielding a +0 mace
              (6 damage)
             ... on level 2 of the Dungeon.
             The game lasted 00:00:25 (1550 turns).

qw the Shooter (Minotaur Hexslinger)                Turns: 1550, Time: 00:00:26

Health: 0/30       AC:  3    Str: 12    XL:     3   Next: 76%
Magic:  3/3        EV: 12    Int: 10    God:
Gold:   145        SH:  0    Dex: 14    Spells: 3/4 levels left

rFire   . . .        Y - +1 sling
rCold   . . .        (no shield)
rNeg    . . .        e - +0 leather armour
rPois   .            (helmet restricted)
rElec   .            (no cloak)
rCorr   .            (no gloves)
SInv    .            (no boots)
Will    .....        (no amulet)
Stlth   +            (no ring)
HPRegen 0.25/turn    (no ring)
MPRegen 0.08/turn

%: no passive effects
@: lethally poisoned (0 -> -2)
A: horns 2, retaliatory headbutt
a: no special abilities


You were on level 2 of the Dungeon.
You visited 1 branch of the dungeon, and saw 3 of its levels.

You collected 145 gold pieces.


Innate Abilities, Weirdness & Mutations

You have a pair of horns on your head.
You reflexively headbutt those who attack you in melee.


   Skills:
 - Level 2.3 Fighting
 + Level 4.1 Ranged Weapons
 - Level 2.1 Dodging
 - Level 1.0 Spellcasting
 - Level 2.0 Hexes


You had 3 spell levels left.
You knew the following spells:

 Your Spells              Type           Power      Damage    Failure   Level
a - Slow                  Hex            16%        N/A       19%         1

Your spell library contained the following spells:

 Spells                   Type           Power      Damage    Failure   Level
 Inner Flame              Hex/Fire       2%         N/A       65%         3
 Portal Projectile        Hex/Tloc       4%         N/A       65%         3
 Cause Fear               Hex            2%         N/A       88%         4

Inventory:

Hand Weapons
 Y - a +1 sling (weapon)
Armour
 e - a +0 leather armour (worn)
Potions
 d - a potion of berserk rage {unknown}
 h - a potion of brilliance {unknown}
 j - a potion of degeneration {unknown}

Dungeon Overview and Level Annotations

Branches:
Dungeon (3/15)

Altars:

Annotations:
D:3 Grinder, Ijyb, Jessica


Message History

Enter note:
Enter note:
Enter note:
Enter note:
Enter note:
Enter note:
Enter note: You start resting.
HP restored.
Done exploring.
(D) Dungeon
Where to? (* - list waypoints, Enter - D:3, ? - help)
What level of the Dungeon? (default 1, ? - help)
You climb downwards.
Level annotation: Grinder, Jessica Jessica mumbles some strange words.
Jessica blinks!
The orc misses you. The adder bites you.
You are poisoned.
The adder poisons you! The goblin closely misses you.
Grinder blinks! x2
The orc barely misses you. The adder bites you.
You are more poisoned.
The adder poisons you! The goblin hits you with a +0 dagger.
Jessica gestures wildly.
There is a stone staircase leading up here.
1547 ||| STAIRDANCE You feel very sick.
The adder bites you.
Jessica gestures wildly while chanting.
Jessica blinks!
The orc hits you with a +0 mace! The goblin hits you with a +0 dagger.
You climb upwards.
You feel sick.
There is a stone staircase leading down here.
You shoot a sling bullet.
The sling bullet completely misses the adder.
You feel sick. The adder bites you. The orc misses you.
The adder closely misses you.
You shoot a sling bullet. The sling bullet misses the adder.
You feel sick. The adder bites you but does no damage.
The orc hits you with a +0 mace.
You die...

#.# #.......#.# #.# #.#
####.##.#.########.# #.#
#......#........# #.#
#..###.#.########
#####.########..# #...#
#...........###.###.###
#.#####(###.###.....########
###.#####.##.#.####.#........#
............###S@og..#######.#
###..###..##.#.###...# #.#
#..# #..###........#### #.#
###..# #..# ###.........####.#
.....# #..# #..(...........#
###.## #..# #.........######
#..# #..# ###....#### #.##
#..# #....# ##.#####..# #....#


You could see an adder, an orc and a goblin.

Vanquished Creatures
  2 adders (D:2)
  2 dart slugs (D:2)
  A bat (D:1)
  3 endoplasms
  5 giant cockroaches
  3 goblins (D:2)
  A hobgoblin (D:1)
  3 jackals (D:3)
  8 kobolds (D:2)
  3 ball pythons
  A rat (D:2)
32 creatures vanquished.

Notes
Turn   | Place    | Note
-------+----------+-------------------------------------------
     0 | D:1      | qw the Minotaur Hexslinger began the quest for the Orb.
     0 | D:1      | Reached XP level 1. HP: 16/16 MP: 1/1
     0 | D:1      | 0 ||| qw: Version: 0.3-a-46-gb1f654a
     0 | D:1      | 0 ||| qw: Game counter: 1707
     0 | D:1      | 0 ||| qw: Melee chars always use a shield: true
     0 | D:1      | 0 ||| qw: God list: Okawaru
     0 | D:1      | 0 ||| qw: Allow faded altars: false
     0 | D:1      | 0 ||| qw: Do Orc after clearing Dungeon:15 true
     0 | D:1      | 0 ||| qw: Do second Lair branch before Depths: true
     0 | D:1      | 0 ||| qw: Lair rune preference: random
     0 | D:1      | 0 ||| qw: Goals: Normal
     0 | D:1      | 0 ||| PLANNING D:1-11
    61 | D:1      | You fall into a shaft and drop 1 floor!
   128 | D:2      | Reached skill level 3 in Ranged Weapons
   137 | D:2      | Reached XP level 2. HP: 23/23 MP: 2/2
   364 | D:2      | 364 ||| UPGRADING to +0 leather armour.
   374 | D:2      | 374 ||| DROPPING +0 robe.
   375 | D:2      | 375 ||| DROPPING scroll of poison.
   745 | D:1      | Reached XP level 3. HP: 30/30 MP: 3/3
   959 | D:1      | 959 ||| READING scroll labelled LUEBRE VAEG.
   962 | D:1      | 962 ||| READING scroll labelled FIPIAQ GENTUPS.
   963 | D:1      | 963 ||| READING scroll labelled FIRHOU VOARUF.
   964 | D:1      | 964 ||| READING scroll labelled NIR JIGAEPNIDGH.
   965 | D:1      | 965 ||| READING scroll labelled PEM FORCHIRAO.
   966 | D:1      | 966 ||| DRINKING 2 green potions.
   967 | D:1      | 967 ||| DROPPING potion of attraction.
  1402 | D:2      | Reached skill level 4 in Ranged Weapons
  1459 | D:2      | 1459 ||| READING scroll labelled LOATOGO VUARE.
  1482 | D:3      | Noticed Grinder
  1487 | D:3      | Noticed Jessica
  1489 | D:3      | 1489 ||| STAIRDANCE
  1546 | D:3      | Noticed Ijyb
  1547 | D:3      | 1547 ||| STAIRDANCE
  1549 | D:2      | HP: 7/30 [adder (2)]
  1550 | D:2      | Slain by an orc

Levels and vault maps discovered:
D:1:      minmay_arrival_nine_rooms, layout_loops_ring, kennysheep_flooded_box,
          roderic_serpentine_path
D:2:      layout_loops_ring, minivault_11
D:3:      layout_rooms, yredelemnul_altar_generic, marbit_many_paths,
          ebering_ghost_gozag, kennysheep_generic_room_10, uniq_jessica,
          uniq_ijyb, uniq_grinder

Skill      XL: |  1  2  3 |
---------------+----------+-----
Ranged Weapons | 3 4 |  4.1
Fighting       | 2 |  2.3
Dodging        | |  2.1
Spellcasting   | |  1.0
Hexes          | |  2.0

Action                     || total
---------------------------++-------
   Fire: Sling             ||    82
    Use: Scroll            ||     6
         Potion            ||     1
 Armour: Robe              ||     3
         Leather armour    ||     9
  Dodge: Dodged            ||    23

Table legend:
 A = Non-vault XP
 B = Vault XP
 C = Vault XP percentage of total XP
 D = Non-vault monster count
 E = Vault monster count
 F = Vault count percentage of total count
                 A         B        C        D         E       F
            +---------+---------+-------+---------+---------+-------
      Total |      84 |       0 |   0.0 |      32 |       0 |   0.0
            +---------+---------+-------+---------+---------+-------
        D:1 |      14 |       0 |   0.0 |       7 |       0 |   0.0
        D:2 |      61 |       0 |   0.0 |      20 |       0 |   0.0
        D:3 |       9 |       0 |   0.0 |       5 |       0 |   0.0
            +---------+---------+-------+---------+---------+-------
